AoeStats
← kolemy

Black Forest

505928186Analyzed
4v4 RM · 20d ago on Sep 11, 2026· 68m 11s· 8 players
Game mode
Random Map
Map size
Large (8 player)
Population
200
Speed
Normal
Resources
Standard
Victory
Conquest
Starting age
Dark Age
Ending age
Imperial Age
RankedLock teamsTeams togetherTeam positionsShared explorationLock speedFull tech treeHidden civsTurbo modeCheats
Victory
Defeat
🇮🇹 Bohemians · Italy
764
+8
🇵🇪 Persians · Peru
741
+9
🇨🇦 Goths · Canada
728
+10
🇧🇷 Mongols · Brazil
616
+13
🇬🇹 Vietnamese · Guatemala
613
-11
🇨🇦 Vietnamese · Canada
585
-10
🇺🇸 Portuguese · United States
576
-10
🇺🇸 Britons · United States
541
-9
guitarflyingmatt
9:25 Loom
13:52 Feudal Age
15:37 Wheelbarrow
14:48 Town Watch
21:29 Gold Mining
23:10 Double-Bit Axe
23:00 Man-at-Arms
26:55 Castle Age
25:05 Horse Collar
26:03 Fletching
26:15 Padded Archer Armor
27:06 Forging
26:59 Scale Mail Armor
27:16 Scale Mail Armor
28:39 Hand Cart
28:43 Squires
28:04 Pikeman
28:05 Long Swordsman
29:03 Heavy Plow
30:09 Stone Mining
32:12 Fervor
33:19 Bow Saw
34:46 Ballistics
34:37 Fortified Wall
34:08 Treadmill Crane
34:52 Sanctity
35:16 Bodkin Arrow
35:38 Leather Archer Armor
37:12 Gold Shaft Mining
37:58 Chain Mail Armor
38:20 Iron Casting
40:26 Yeomen
43:12 Imperial Age
44:19 Murder Holes
44:36 Siege Engineers
45:32 Chemistry
44:34 Herbal Medicine
45:17 Conscription
45:33 Hoardings
45:31 Bracer
45:46 Halberdier
47:34 Elite Longbowman
52:15 Blast Furnace
51:46 Plate Mail Armor
51:46 Ring Archer Armor
51:55 Ring Archer Armor
51:55 Plate Mail Armor
51:29 Caravan
52:51 Block Printing
52:34 Heated Shot
52:56 Masonry
58:22 Two-Handed Swordsman
58:48 Arson
58:49 Gambesons
60:13 Champion
66:09 Architecture
luial10
13:46 Feudal Age
15:02 Double-Bit Axe
15:53 Stone Mining
15:53 Gold Mining
18:39 Wheelbarrow
18:01 Gold Mining
18:45 Town Watch
19:48 Horse Collar
26:02 Castle Age
26:06 Scale Mail Armor
27:34 Stone Shaft Mining
27:12 Bow Saw
27:42 Heavy Plow
28:50 Caravan
30:13 Hand Cart
30:03 Pikeman
32:19 Town Patrol
33:14 Forging
32:57 Fletching
33:23 Chain Mail Armor
40:03 Imperial Age
39:11 Treadmill Crane
39:53 Ballistics
39:45 Fortified Wall
39:40 Light Cavalry
40:31 Bloodlines
40:21 Husbandry
42:03 Chemistry
41:16 Masonry
40:59 Guard Tower
40:38 Halberdier
41:24 Arquebus
41:45 Conscription
41:45 Loom
42:47 Iron Casting
43:47 Two-Man Saw
43:47 Crop Rotation
44:59 Padded Archer Armor
46:00 Blast Furnace
44:58 Bodkin Arrow
48:59 Leather Archer Armor
48:44 Bracer
49:04 Arson
50:34 Elite Organ Gun
54:17 Gambesons
53:52 Man-at-Arms
54:45 Cavalier
55:22 Long Swordsman
57:55 Two-Handed Swordsman
59:45 Champion
lindian04
6:52 Loom
11:13 Feudal Age
12:22 Double-Bit Axe
12:19 Horse Collar
13:18 Wheelbarrow
16:52 Gold Mining
22:21 Castle Age
20:06 Town Watch
23:41 Hand Cart
23:15 Arson
23:31 Squires
22:51 Pikeman
25:00 Heavy Plow
25:13 Bow Saw
25:52 Stone Mining
27:55 Coinage
27:26 Caravan
28:52 Stone Shaft Mining
29:51 Town Patrol
34:54 Ballistics
34:25 Heated Shot
34:46 Fortified Wall
34:17 Treadmill Crane
34:32 Murder Holes
34:49 Careening
38:08 Imperial Age
37:53 Scale Barding Armor
37:48 Scale Mail Armor
37:49 Padded Archer Armor
37:40 Fletching
38:01 Forging
38:56 Chain Barding Armor
38:44 Elite Skirmisher
40:08 Leather Archer Armor
40:08 Chain Mail Armor
39:49 Bodkin Arrow
40:32 Crop Rotation
41:06 Two-Man Saw
40:31 Halberdier
41:04 Imperial Skirmisher
42:06 Guilds
42:27 Banking
43:29 Paper Money
42:29 Elite Rattan Archer
45:37 Chatras
45:07 Sappers
46:13 Hoardings
45:44 Guard Tower
45:40 Arrowslits
kolemy
0:58 Loom
19:26 Feudal Age
20:44 Wheelbarrow
19:55 Town Watch
19:56 Horse Collar
20:06 Double-Bit Axe
23:21 Gold Mining
23:21 Stone Mining
23:45 Town Watch
31:13 Castle Age
31:16 Fletching
31:27 Padded Archer Armor
32:57 Bow Saw
32:58 Heavy Plow
32:57 Bodkin Arrow
32:26 Crossbowman
35:02 Caravan
35:29 Elite Skirmisher
35:53 Treadmill Crane
36:34 Ballistics
36:10 Murder Holes
36:26 Fortified Wall
36:10 Guard Tower
40:01 Hand Cart
39:47 Town Patrol
42:28 Imperial Age
45:13 Chemistry
44:20 Siege Engineers
43:46 Arbalester
44:32 Thumb Ring
46:20 Crop Rotation
46:55 Two-Man Saw
47:01 Chatras
47:10 Chatras
47:31 Paper Money
48:15 Bracer
48:17 Scale Mail Armor
48:23 Scale Barding Armor
48:34 Leather Archer Armor
48:32 Forging
47:45 Imperial Skirmisher
52:03 Elite Battle Elephant
52:04 Light Cavalry
52:55 Bloodlines
52:46 Husbandry
52:10 Cavalier
54:19 Man-at-Arms
54:20 Pikeman
54:47 Arson
55:04 Squires
61:41 Halberdier
64:15 Chain Barding Armor
64:12 Chain Mail Armor
64:27 Ring Archer Armor
64:33 Iron Casting
dark fader
0:32 Loom
13:15 Feudal Age
13:45 Double-Bit Axe
14:36 Wheelbarrow
13:44 Horse Collar
14:10 Town Watch
14:36 Gold Mining
15:01 Stone Mining
23:24 Castle Age
22:52 Fletching
23:14 Forging
24:41 Heavy Plow
25:18 Bow Saw
31:04 Bodkin Arrow
32:10 Stone Shaft Mining
33:56 Iron Casting
33:25 Padded Archer Armor
33:25 Scale Mail Armor
34:10 Hand Cart
34:21 Scale Barding Armor
34:52 Town Patrol
35:38 Anarchy
36:17 Caravan
36:48 Coinage
40:14 Imperial Age
39:06 Leather Archer Armor
39:06 Chain Mail Armor
39:12 Chain Barding Armor
39:14 Pikeman
39:54 Squires
40:58 Ballistics
40:34 Murder Holes
40:49 Masonry
40:17 Halberdier
40:32 Sappers
41:23 Conscription
42:14 Two-Man Saw
41:07 Heated Shot
41:00 Capped Ram
42:35 Crop Rotation
42:42 Banking
42:23 Guilds
43:07 Perfusion
43:37 Elite Huskarl
45:20 Chemistry
44:51 Architecture
45:34 Blast Furnace
45:33 Bracer
46:20 Ring Archer Armor
47:55 Elite Skirmisher
47:56 Crossbowman
48:39 Husbandry
48:49 Bloodlines
48:01 Light Cavalry
50:51 Onager
50:53 Heavy Scorpion
55:21 Devotion
55:56 Theocracy
55:42 Sanctity
55:17 Herbal Medicine
55:47 Illumination
55:34 Fervor
58:44 Faith
61:48 Careening
61:50 Clinker Construction
61:37 Man-at-Arms
Taz Mania
13:30 Feudal Age
14:57 Wheelbarrow
14:42 Double-Bit Axe
16:46 Horse Collar
19:07 Gold Mining
22:30 Castle Age
20:42 Stone Mining
23:52 Hand Cart
24:16 Heavy Plow
25:16 Gold Shaft Mining
27:19 Stone Shaft Mining
27:15 Bow Saw
34:50 Imperial Age
32:13 Town Watch
33:24 Fletching
34:02 Town Patrol
35:00 Loom
35:44 Thumb Ring
36:42 Chemistry
36:44 Bloodlines
36:34 Husbandry
36:36 Murder Holes
39:07 Caravan
38:50 Elite Mangudai
39:53 Conscription
39:46 Padded Archer Armor
42:51 Bodkin Arrow
43:11 Leather Archer Armor
43:25 Parthian Tactics
42:22 Elite Steppe Lancer
46:36 Bracer
46:47 Forging
46:43 Scale Barding Armor
49:51 Capped Ram
51:40 Iron Casting
51:26 Chain Barding Armor
51:36 Drill
50:42 Siege Ram
59:13 Blast Furnace
58:45 Ballistics
jhadir
14:08 Feudal Age
19:05 Castle Age
16:53 Double-Bit Axe
16:52 Horse Collar
23:30 Bow Saw
23:30 Heavy Plow
23:39 Gold Mining
23:41 Stone Mining
26:32 Gold Shaft Mining
26:35 Stone Shaft Mining
33:06 Imperial Age
32:07 Wheelbarrow
33:45 Hand Cart
34:43 Chemistry
33:59 Forging
33:54 Scale Barding Armor
34:44 Conscription
34:41 Elite War Elephant
36:21 Iron Casting
37:19 Two-Man Saw
36:52 Crop Rotation
36:49 Caravan
37:57 Cavalier
39:05 Husbandry
39:17 Bloodlines
39:03 Savar
40:51 Blast Furnace
40:12 Chain Barding Armor
DogeDogOfVenice
0:39 Loom
14:51 Feudal Age
17:29 Wheelbarrow
16:41 Horse Collar
18:42 Town Watch
19:42 Double-Bit Axe
28:13 Castle Age
28:19 Padded Archer Armor
28:10 Fletching
29:05 Bow Saw
29:43 Hand Cart
30:45 Heavy Plow
34:05 Caravan
35:39 Leather Archer Armor
35:42 Bodkin Arrow
37:27 Chemistry
36:48 Treadmill Crane
38:00 Wagenburg Tactics
42:25 Imperial Age
40:45 Elite Skirmisher
40:45 Crossbowman
42:20 Coinage
42:12 Fortified Wall
41:53 Guard Tower
42:24 Ballistics
41:42 Pikeman
42:23 Squires
42:08 Arson
41:44 Man-at-Arms
43:56 Banking
43:37 Guilds
44:39 Two-Man Saw
45:10 Hussite Reforms
45:25 Conscription
46:34 Ring Archer Armor
46:05 Bracer
46:50 Redemption
46:51 Fervor
47:14 Sanctity
47:29 Block Printing
47:53 Houfnice
49:42 Masonry
50:34 Siege Engineers
50:33 Devotion
51:01 Illumination
53:08 Atonement
53:04 Herbal Medicine
53:46 Theocracy
52:50 Elite Hussite Wagon
53:06 Sappers
53:00 Long Swordsman
55:19 Faith
58:34 Heresy
61:38 Keep
60:58 Murder Holes
61:34 Architecture
60:50 Arrowslits
61:26 Bombard Tower
60:52 Onager
61:35 Capped Ram
61:45 Two-Handed Swordsman
61:45 Halberdier
63:13 Arbalester
Connection lost

Rejoining the realm…

Still unreachable

The connection could not be restored.

Session expired

The server has moved on; the page needs a fresh start.